 Dungeon Crawl Stone Soup version 0.30-a0-738-g116ff8c4af (webtiles) character file.

Game seed: 9052866460479905128

240 sircluck the Sneak (level 6, -1/37 HPs)
             Began as a Kobold Brigand on Feb 3, 2023.
             Slain by Duvessa
             ... wielding a +0 rapier
              (12 damage)
             ... on level 4 of the Dungeon.
             The game lasted 00:11:20 (2137 turns).

sircluck the Sneak (Kobold Brigand)                 Turns: 2137, Time: 00:11:21

Health: -1/37      AC: 10    Str:  8    XL:     6   Next: 29%
Magic:  6/6        EV: 14    Int: 13    God:
Gold:   198        SH:  0    Dex: 18    Spells: 5/5 levels left

rFire   . . .      SeeInvis .    a - +2 dagger
rCold   . . .      Faith    .    (no shield)
rNeg    . . .      Spirit   .    o - +3 leather armour
rPois   .          Reflect  .    k - +0 helmet
rElec   .          Harm     .    c - +0 cloak
rCorr   .          Rampage  .    u - +0 pair of gloves
Will    .....                    l - +0 pair of boots
Stlth   +++++                    (no amulet)
HPRegen 0.26/turn                (no ring)
MPRegen 0.10/turn                (no ring)

@: no status effects
A: small, no large weapons, nightstalker 3
a: no special abilities


You were on level 4 of the Dungeon.
You visited 1 branch of the dungeon, and saw 4 of its levels.

You collected 198 gold pieces.

Inventory:

Hand Weapons
 a - a +2 dagger (weapon)
 g - a +0 sling
Missiles
 d - 14 poisoned darts
 e - 2 curare-tipped darts (quivered)
 f - 21 stones
Armour
 b - a +0 robe
 c - a +0 cloak (worn)
 i - a +0 leather armour
 k - a +0 helmet (worn)
 l - a +0 pair of boots (worn)
 o - a +3 leather armour (worn)
 p - a +0 cloak
 r - an orb of light
 u - a +0 pair of gloves (worn)
Jewellery
 t - a ring of fire
Wands
 s - a wand of iceblast (8)
Scrolls
 h - 6 scrolls of identify {unknown}
 j - a scroll of amnesia {unknown}
 n - a scroll of noise {unknown}
 v - a scroll of teleportation {unknown}
Potions
 m - a potion of flight {unknown}
 q - a potion of mutation {unknown}


   Skills:
 + Level 3.0 Fighting
 + Level 4.6 Short Blades
 + Level 2.4 Throwing
 + Level 1.2 Armour
 + Level 2.1 Dodging
 + Level 7.5 Stealth


You had 5 spell levels left.
You didn't know any spells.
Your spell library contained the following spells:

 Spells                   Type           Power      Damage    Failure   Level
 Olgreb's Toxic Radiance  Pois           0%         N/A       99%         4
 Ozocubu's Refrigeration  Ice            0%         4d7       100%        7
 Ignition                 Fire           0%         3d3       100%        8


Dungeon Overview and Level Annotations

Branches:
Dungeon (4/15)
 Temple: D:4-7

Altars:
Hepliaklqana
Uskayaw
Wu Jian

Shops:
D:4 *

Annotations:
D:4 Dowan, Duvessa


Innate Abilities, Weirdness & Mutations

You are small and have problems with some larger weapons.
You are completely attuned to the shadows.


Message History

No target in view!
No target in view!
No target in view!
No target in view!
No target in view!
No target in view!
No target in view!
No target in view!
No target in view!
You see here a +0 hand axe.
You now have 198 gold pieces (gained 19).
h - 6 scrolls labelled AGIZXI QIREGYA (gained 1) Duvessa, Sister of Dowan comes into view.
She is wielding a +0 rapier.
Found a scroll labelled OSTYAS QYWUSO and a scroll labelled BOSHELUPTY.
Dowan, Brother of Duvessa comes into view.
He is wielding a +0 dagger.
Duvessa shouts!
Dowan shouts!
Duvessa misses you.
You barely miss Duvessa. You hit Duvessa.
Duvessa is lightly wounded.
Dowan says, "My weaknesses are her strengths!"
Dowan barely misses you. Duvessa hits you with a +0 rapier!
You hit Duvessa.
Duvessa is lightly wounded.
A hobgoblin comes into view.
Duvessa hits you but does no damage.
Dowan points at you and mumbles some strange words.
The puff of frost misses you.
You hit Duvessa.
Duvessa is lightly wounded.
Dowan hits you with a +0 dagger.
Duvessa drinks a potion.
Duvessa goes berserk!
You hit Duvessa.
Duvessa is moderately wounded.
Duvessa hits you with a +0 rapier!
* * * LOW HITPOINT WARNING * * *
Aiming: Iceblast
Press: ? - help, Shift-Dir - straight line
Okay, then.
Duvessa attacks as you move away! Duvessa hits you with a +0 rapier!
You die...

#......# # #####
#.###..# # ###...#
#.# #..####
......#####.###......
#..............####
####.######.###..#
??...# #.# #..# ##
####.## #.# #..# ..
#@.# #.# #..# .#
...ee..g. # .####.##.
.# .# #..##


You could see Duvessa (berserk), Dowan and a hobgoblin.

Vanquished Creatures
  An ogre (D:4)
  A howler monkey (D:4)
  Terence (D:2)
  4 adders
  4 dart slugs
  5 orcs (D:4)
  9 ball pythons
  2 bats (D:3)
  An endoplasm (D:3)
  A giant cockroach (D:3)
  5 goblins
  A hobgoblin (D:1)
  6 jackals
  3 quokkas (D:3)
  2 frilled lizards (D:2)
  2 kobolds
  4 rats
52 creatures vanquished.

Vanquished Creatures (others)
  2 plants (D:3)
2 creatures vanquished.

Grand Total: 54 creatures vanquished

Notes
Turn   | Place    | Note
-------+----------+-------------------------------------------
     0 | D:1      | sircluck the Kobold Brigand began the quest for the Orb.
     0 | D:1      | Reached XP level 1. HP: 12/12 MP: 1/1
    58 | D:1      | Reached XP level 2. HP: 17/17 MP: 2/2
    84 | D:1      | You fall into a shaft and drop 1 floor!
   268 | D:2      | Reached skill level 6 in Stealth
   421 | D:2      | Noticed Terence
   433 | D:2      | Killed Terence
   434 | D:2      | Reached XP level 3. HP: 7/22 MP: 3/3
   546 | D:2      | Identified the +1 leather armour of Ralelac {rN+}
  1129 | D:3      | Found a hazy altar of Hepliaklqana.
  1140 | D:3      | Reached XP level 4. HP: 27/27 MP: 4/4
  1357 | D:3      | Reached skill level 7 in Stealth
  1576 | D:3      | Reached XP level 5. HP: 31/31 MP: 5/5
  1890 | D:4      | Found Wamitydgh's Assorted Antiques.
  1998 | D:4      | Found a hide-covered altar of Uskayaw.
  2060 | D:4      | Noticed an ogre
  2062 | D:4      | Found an ornate altar of the Wu Jian Council.
  2066 | D:4      | Killed an ogre
  2067 | D:4      | Reached skill level 1 in Armour
  2067 | D:4      | Reached XP level 6. HP: 37/37 MP: 6/6
  2128 | D:4      | Noticed Duvessa
  2129 | D:4      | Noticed Dowan
  2137 | D:4      | Slain by Duvessa

Illustrated notes

Levels and vault maps discovered:
D:1:      grunt_arrival_crossed_arrows, layout_loops_ring
D:2:      layout_basic, minmay_surrounded, uniq_terence
D:3:      layout_rooms, nicolae_hepliaklqana_hazy_memory
D:4:      layout_loops_ring, nicolae_uskayaw_dance_hall,
          mainiacjoe_overflow_small_starburst, serial_shops, shop, uniq_duvessa

Skill      XL: |  1  2  3  4  5 |
---------------+----------------+-----
Stealth        | 6 7 |  7.5
Short Blades   | 3 4 |  4.6
Dodging        | 2 |  2.1
Fighting       | 3 |  3.0
Armour         | 1 |  1.2
Throwing       | |  2.4

Action                     |  1- 3 |  4- 6 || total
---------------------------+-------+-------++-------
  Melee: Dagger            |    48 |   127 ||   175
         Punch             |       |     2 ||     2
  Throw: Dart              |     2 |       ||     2
   Stab: Sleeping          |     9 |    10 ||    19
         Distracted        |       |     1 ||     1
 Armour: Robe              |     8 |     6 ||    14
         Leather armour    |       |    36 ||    36
  Dodge: Dodged            |    34 |   101 ||   135

Table legend: (Time is in decaauts)
 A = Elapsed time spent in this place.
 B = Non-inter-level travel time spent in this place.
 C = Inter-level travel time spent in this place.
 D = Time resting spent in this place.
 E = Time spent auto-exploring this place.
 F = Levels seen in this place.
 G = Mean time per level.
                   A        B        C        D        E       F      G
               +--------+--------+--------+--------+--------+-----+--------+
         Total |   2108 |   2029 |     79 |      0 |    821 |   4 |  527.0 |
       Dungeon |   2108 |   2029 |     79 |      0 |    821 |   4 |  527.0 |
               +--------+--------+--------+--------+--------+-----+--------+

Top non-repeatable levels by time:
     D:2: 1037 daAuts
     D:3: 688 daAuts
     D:4: 298 daAuts
     D:1: 83 daAuts
